 Dungeon Crawl Stone Soup version 0.31.0-11-ge490571c62 (webtiles) character file.

Game seed: 1844134211740235999

82 ces the Shooter (level 4, -1/22 HPs)
             Began as a Spriggan Hunter on Jan 30, 2024.
             Slain by an iguana (9 damage)
             ... on level 4 of the Dungeon.
             The game lasted 00:02:16 (2490 turns).

ces the Shooter (Spriggan Hunter)                   Turns: 2490, Time: 00:02:16

Health: -1/22      AC:  2    Str:  7    XL:     4   Next: 21%
Magic:  5/5        EV: 18    Int: 10    God:
Gold:   82         SH:  0    Dex: 20    Spells: 3/3 levels left

rFire   . . .        a - +0 shortbow
rCold   . . .        (shield currently unavailable)
rNeg    . . .        c - +0 robe
rPois   .            (helmet restricted)
rElec   .            (no cloak)
rCorr   .            (gloves unavailable)
SInv    +            (boots unavailable)
Will    .....        (no amulet)
Stlth   ++           (no ring)
HPRegen 0.23/turn    (no ring)
MPRegen 0.09/turn

%: no passive effects
@: very quick
A: very small, no large weapons, unfitting armour, see invisible, speed 3
a: no special abilities


You were on level 4 of the Dungeon.
You visited 1 branch of the dungeon, and saw 4 of its levels.

You collected 82 gold pieces.

Inventory:

Hand Weapons
 a - a +0 shortbow (weapon)
Armour
 c - a +0 robe (worn)
Jewellery
 i - an amulet of faith
Scrolls
 b - a scroll of butterflies
 e - 2 scrolls of fog
 h - a scroll of amnesia {unknown}
 j - a scroll of fear {unknown}
 k - a scroll of identify {unknown}
 l - a scroll of revelation {unknown}
 m - a scroll of teleportation {unknown}
Potions
 d - 2 potions of might {unknown}
 f - a potion of curing {unknown}
 g - a potion of enlightenment {unknown}
 n - a potion of heal wounds {unknown}
 o - 3 potions of magic {unknown}


   Skills:
 - Level 1.5 Fighting
 + Level 5.8 Ranged Weapons
 - Level 2.6 Dodging
 - Level 1.5 Stealth


You had 3 spell levels left.
You didn't know any spells.
Your spell library contained the following spells:

 Spells                   Type           Power      Damage    Failure   Level
 Lesser Beckoning         Tloc           0%         N/A       50%         2
 Gell's Gravitas          Tloc           0%         N/A       75%         3
 Teleport Other           Tloc           0%         N/A       75%         3


Dungeon Overview and Level Annotations

Branches:
Dungeon (4/15)
 Temple: D:4-7

Altars:

Annotations:
D:3 1 runed translucent door, Crazy Yiuf


Innate Abilities, Weirdness & Mutations

You are very small and have problems with some larger weapons.
You are too small for most types of armour.
You have supernaturally acute eyesight. (SInv)
You cover ground extremely quickly. (Speed+++)


Message History

The gnoll hits you from afar with a +0 halberd!
The gnoll closely misses you. The gnoll misses you.
There is a stone staircase leading up here.
You shoot an arrow. The arrow completely misses the gnoll.
The gnoll closely misses you. The gnoll completely misses you.
The gnoll closely misses you. x2
The hobgoblin hits you.
You climb upwards.
Level annotation: 1 runed translucent door, Crazy Yiuf
There is a stone staircase leading down here.
You shoot an arrow. The arrow barely misses the hobgoblin.
The hobgoblin barely misses you.
You shoot an arrow. The arrow closely misses the hobgoblin.
The hobgoblin misses you.
You shoot an arrow. The arrow hits the hobgoblin!
You kill the hobgoblin!
No target in view!
No target in view!
No target in view!
You start resting.
HP restored.
You start waiting.
Done waiting.
You start waiting.
Done waiting.
You see here a hobgoblin skeleton.
There is a stone staircase leading down here.
You climb downwards.
Found a stone staircase leading down.
There is a stone staircase leading up here.
You shoot an arrow.
The arrow hits the iguana but does no damage.
The iguana hisses angrily.
You shoot an arrow.
The arrow hits the iguana but does no damage.
The iguana bites you!
Ouch! That really hurt!
The iguana bites you!
You die...

..!....glg....#
.......g!...#
.........<#...#
........#.# ..#
..........# .
.....##.#.#
##.#. #.#.### #
# #.....##.#
##.##@...#
#..l....#
...............
#.###.......##.
#.......#
##......#
...>...#
........


You could see an iguana.

Vanquished Creatures
  4 adders
  A ribbon worm (D:2)
  5 ball pythons
  8 bats
  An endoplasm (D:3)
  5 goblins
  6 hobgoblins
  A quokka (D:2)
  2 frilled lizards
  5 kobolds
  4 rats
42 creatures vanquished.

Notes
Turn   | Place    | Note
-------+----------+-------------------------------------------
     0 | D:1      | ces the Spriggan Hunter began the quest for the Orb.
     0 | D:1      | Reached XP level 1. HP: 10/10 MP: 2/2
   178 | D:1      | Reached XP level 2. HP: 14/14 MP: 3/3
   728 | D:2      | Reached skill level 5 in Ranged Weapons
   728 | D:2      | Reached XP level 3. HP: 15/18 MP: 4/4
  1025 | D:2      | Noticed a great orb of eyes
  1026 | D:2      | Found a faded altar of an unknown god.
  1037 | D:2      | Noticed a great orb of eyes
  1041 | D:2      | Noticed a glass eye
  1041 | D:2      | Noticed a glass eye
  1511 | D:3      | Reached XP level 4. HP: 22/22 MP: 5/5
  1623 | D:3      | Found a runed translucent door.
  1624 | D:3      | Noticed Crazy Yiuf
  2490 | D:4      | Slain by an iguana

Illustrated notes

Levels and vault maps discovered:
D:1:      lightli_arrival_lavapool, layout_basic, nrook_loot_triangle,
          chequers_serial_rivers_micro_e, chequers_serial_rivers_room_b
D:2:      layout_loops_ring, hellmonk_ecumenical_altar_watching_god
D:3:      layout_loops_ring, uniq_crazy_yiuf_cottage
D:4:      layout_rooms, minmay_temple_entry_waves, ebering_ghost_disaster_area

Skill      XL: |  1  2 |
---------------+-------+-----
Ranged Weapons | 5 |  5.8
Fighting       | |  1.5
Dodging        | |  2.6
Stealth        | |  1.5

Action                     |  1- 3 |  4- 6 || total
---------------------------+-------+-------++-------
   Fire: Shortbow          |   117 |    28 ||   145
    Use: Scroll            |     1 |       ||     1
 Armour: Robe              |    15 |     6 ||    21
  Dodge: Dodged            |    33 |    13 ||    46
